 Dungeon Crawl Stone Soup version 0.30.1-4-g462c640d31 (webtiles) character file.

Game seed: 4828108868001212729

718 BillyBaka the Chopper (level 7, -4/61 HPs)
             Began as a Minotaur Fighter on Sept 17, 2023.
             Was a Believer of the Shining One.
             Slain by a gnoll sergeant
             ... wielding a +4 spear of distortion
              (17 damage)
             ... on level 5 of the Dungeon.
             The game lasted 00:10:10 (3411 turns).

BillyBaka the Chopper (Minotaur Fighter)            Turns: 3411, Time: 00:10:11

Health: -4/61      AC:  7    Str: 23    XL:     7   Next: 42%
Magic:  7/7        EV:  9    Int:  5    God:    the Shining One [**....]
Gold:   222        SH: 10    Dex:  9    Spells: 6/6 levels left

rFire   . . .        p - +1 war axe (elec)
rCold   . . .        c - +0 buckler
rNeg    + . .        b - +0 scale mail
rPois   .            (helmet restricted)
rElec   .            (no cloak)
rCorr   .            (no gloves)
SInv    .            (no boots)
Will    .....        a - amulet of reflection Stlth
                     (no ring)
HPRegen 0.30/turn    (no ring)
MPRegen 0.10/turn

%: reflection
@: glowing
A: horns 2, retaliatory headbutt
a: Renounce Religion, Divine Shield


You were on level 5 of the Dungeon.
You worshipped the Shining One.
The Shining One was pleased with you.
You visited 1 branch of the dungeon, and saw 5 of its levels.

You collected 222 gold pieces.

Inventory:

Hand Weapons
 p - a +1 war axe of electrocution (weapon)
Missiles
 m - 6 javelins (quivered)
 r - a throwing net
Armour
 b - a +0 scale mail (worn)
 c - a +0 buckler (worn)
Jewellery
 a - an amulet of reflection (around neck)
Wands
 o - a wand of quicksilver (9)
Scrolls
 e - 2 scrolls of amnesia {unknown}
 g - 2 scrolls of magic mapping
 k - 2 scrolls of enchant weapon {unknown}
 l - 2 scrolls of identify {unknown}
 n - 3 scrolls of teleportation {unknown}
 q - a scroll of immolation {unknown}
 s - a scroll of torment {unknown}
Potions
 d - 4 potions of might
 f - 3 potions of curing {unknown}
 h - 4 potions of brilliance {unknown}
 i - a potion of lignification {unknown}
 j - 2 potions of attraction {unknown}
 t - a potion of heal wounds {unknown}


   Skills:
 + Level 5.5 Fighting
 * Level 6.5 Axes
 + Level 5.5 Armour
 + Level 5.6 Shields
 + Level 1.5 Invocations


You had 6 spell levels left.
You didn't know any spells.
Your spell library was empty.

Dungeon Overview and Level Annotations

Branches:
Dungeon (5/15)
 Temple: D:4-7

Altars:
Ashenzari
Elyvilon
Hepliaklqana
Sif Muna
Vehumet
Yredelemnul
Zin
The Shining One


Innate Abilities, Weirdness & Mutations

You have a pair of horns on your head.
You reflexively headbutt those who attack you in melee.


Message History

A gnoll sergeant comes into view.
It is wielding a +4 spear of distortion.
The gnoll closely misses you.
The gnoll sergeant shouts!
You hit the gnoll. You headbutt the gnoll.
The gnoll is severely wounded.
You block the gnoll's attack. x2
A gnoll comes into view. It is wielding a +0 flail.
You slash the gnoll!
You kill the gnoll!
You block the gnoll's attack. You block the hound's attack.
The gnoll hits you from afar with a +0 spear.
You slash the hound!
The hound is heavily wounded.
The hound bites you. You block the hound's attack.
You closely miss the hound.
The hound is heavily wounded.
The hound barely misses you. You furiously retaliate!
You headbutt the hound. The hound bites you but does no damage.
You hit the hound but do no damage. Lightning courses through the hound!
You kill the hound!
The gnoll sergeant hits you from afar with a +4 spear of distortion!
Space warps around you.
You are too injured to fight recklessly!
You are too injured to fight recklessly!
You are too injured to fight recklessly!
You are too injured to fight recklessly!
You slash the gnoll!
You kill the gnoll!
You block the gnoll sergeant's attack.
Things that are here:
a +0 rapier; 7 stones; a ring of magical power The gnoll closely misses you.
The gnoll sergeant hits you from afar with a +4 spear of distortion!
Space warps horribly around you!
You slash the gnoll! Lightning courses through the gnoll!
You kill the gnoll!
The gnoll sergeant hits you from afar with a +4 spear of distortion!
* * * LOW HITPOINT WARNING * * *
Space warps horribly around you!
You die...

# .. #### ... # ..#
.... #. #.# .....
#.##.##.....>
#...)@)g.....
###..###.#### #..##
### #...##.....
####........>.
#.......##.##.
#.##.##.#
#########.##......
###..........####.###


You could see a gnoll sergeant.

Vanquished Creatures
  Sigmund (D:3)
  An ogre (D:5)
  A gnoll sergeant (D:4)
  2 hounds (D:5)
  Ijyb (D:3)
  Natasha (twice) (D:3)
  An iguana (D:5)
  An orc wizard (D:3)
  11 gnolls
  5 adders
  4 dart slugs
  6 orcs
  8 ball pythons
  5 endoplasms
  3 giant cockroaches
  9 goblins
  4 hobgoblins
  4 jackals (D:3)
  6 quokkas
  4 bats (D:1)
  A frilled lizard (D:1)
  12 kobolds
  4 rats
96 creatures vanquished.

Notes
Turn   | Place    | Note
-------+----------+-------------------------------------------
     0 | D:1      | BillyBaka the Minotaur Fighter began the quest for the Orb.
     0 | D:1      | Reached XP level 1. HP: 19/19 MP: 0/0
   140 | D:1      | Reached XP level 2. HP: 27/27 MP: 1/1
   157 | D:1      | Reached skill level 3 in Axes
   436 | D:2      | Reached XP level 3. HP: 33/33 MP: 2/2
   505 | D:2      | Found a faded altar of an unknown god.
   513 | D:2      | Prayed at the altar of an unknown god.
   513 | D:2      | Became a worshipper of the Shining One
   513 | D:2      | Reached * piety under the Shining One
   977 | D:2      | Found a broken altar of Ashenzari.
   990 | D:2      | Reached XP level 4. HP: 36/40 MP: 3/3
  1219 | D:3      | Reached skill level 4 in Axes
  1316 | D:3      | Found a hazy altar of Hepliaklqana.
  1327 | D:3      | Reached XP level 5. HP: 33/47 MP: 4/4
  1380 | D:3      | Noticed Sigmund
  1385 | D:3      | Killed Sigmund
  1386 | D:3      | Reached skill level 5 in Axes
  1386 | D:3      | Reached XP level 6. HP: 35/55 MP: 5/5
  1479 | D:3      | Reached skill level 5 in Fighting
  1484 | D:3      | Reached skill level 5 in Armour
  1561 | D:3      | Found a white marble altar of Elyvilon.
  1682 | D:3      | Noticed Natasha
  1688 | D:3      | Killed Natasha
  1688 | D:3      | Reached ** piety under the Shining One
  1689 | D:3      | Reached skill level 5 in Shields
  1762 | D:3      | Noticed Ijyb
  1769 | D:3      | Killed Ijyb
  2056 | D:3      | Noticed Natasha
  2062 | D:3      | Killed Natasha
  2792 | D:4      | Found a faded altar of an unknown god.
  2792 | D:4      | Found a radiant altar of Vehumet.
  2800 | D:4      | Found a glowing silver altar of Zin.
  2802 | D:4      | Found a faded altar of an unknown god.
  2803 | D:4      | Found a basalt altar of Yredelemnul.
  2898 | D:5      | Entered Level 5 of the Dungeon
  2905 | D:4      | Reached skill level 6 in Axes
  3201 | D:5      | Reached XP level 7. HP: 53/61 MP: 6/6
  3274 | D:5      | Found a shimmering blue altar of Sif Muna.
  3285 | D:5      | Reached skill level 1 in Invocations
  3411 | D:5      | Slain by a gnoll sergeant

Illustrated notes

Levels and vault maps discovered:
D:1:      wander_arrival_chamber, layout_rooms
D:2:      layout_basic, basic_altar, shapermc_ecumenical_altar_mp_ritualfount,
          minivault_14
D:3:      layout_loops_cross, mainiacjoe_overflow_paths, lemuel_crystal_altar,
          grunt_ministairs_4, uniq_natasha, uniq_sigmund, uniq_ijyb
D:4:      layout_loops_ring, chequers_temple_overflow_minitemple
D:5:      layout_loops_cross, lemuel_doored_altar

Skill      XL: |  1  2  3  4  5  6  7 |
---------------+----------------------+-----
Axes           | 3 4 5 6 |  6.5
Fighting       | 4 5 |  5.5
Armour         | 4 5 |  5.5
Shields        | 4 5 |  5.6
Invocations    | 1 |  1.5

Action                     |  1- 3 |  4- 6 |  7- 9 || total
---------------------------+-------+-------+-------++-------
  Melee: War axe           |    62 |    85 |    20 ||   167
         Headbutt          |     7 |    14 |     5 ||    26
    Use: Scroll            |       |     1 |       ||     1
 Armour: Scale mail        |    21 |    35 |     3 ||    59
  Dodge: Dodged            |    35 |    36 |     5 ||    76
  Block: Buckler           |    18 |    22 |     9 ||    49
